 Dungeon Crawl Stone Soup version 0.26.1-11-gd32895ea62 (webtiles) character file.

Game seed: 14513766550255914696

26 phalm the Chiller (level 2, -4/19 HPs)
             Began as a Demonspawn Ice Elementalist on June 12, 2021.
             Slain by a sky beast (6 damage)
             ... on level 2 of the Dungeon.
             The game lasted 00:01:54 (996 turns).

phalm the Chiller (Demonspawn Ice Elementalist)      Turns: 996, Time: 00:01:55

Health: -4/19      AC:  2    Str:  8    XL:     2   Next: 89%
Magic:  0/5        EV: 12    Int: 16    God:
Gold:   42         SH:  0    Dex: 13    Spells: 5/6 levels left

rFire    . . .     SeeInvis .   o - +0 short sword
rCold    . . .     Faith    .   (no shield)
rNeg     . . .     Spirit   .   a - +0 robe
rPois    .         Reflect  .   (no helmet)
rElec    .         Harm     .   (no cloak)
rCorr    .         Rampage  .   (no gloves)
Will     .....                  (no boots)
Stlth    ++........             (no amulet)
HPRegen  0.06/turn              (no ring)
MPRegen  0.09/turn              (no ring)

@: no status effects
A: hooves 1
a: no special abilities


You were on level 2 of the Dungeon.
You visited 1 branch of the dungeon, and saw 2 of its levels.

You collected 42 gold pieces.


Innate Abilities, Weirdness & Mutations

You have large cloven feet.


   Skills:
 - Level 1.7 Dodging
 - Level 1.7 Stealth
 * Level 2.9 Spellcasting
 + Level 3.9 Ice Magic


You had 5 spell levels left.
You knew the following spells:

 Your Spells              Type           Power        Failure   Level
f - Freeze                Ice            56%          3%          1

Your spell library contained the following spells:

 Spells                   Type           Power        Failure   Level
 Frozen Ramparts          Ice            28%          11%         3
 Ozocubu's Armour         Ice            14%          11%         3
 Hailstorm                Conj/Ice       8%           63%         4
 Summon Ice Beast         Ice/Summ       8%           63%         4

Inventory:

Hand Weapons
 o - a +0 short sword (weapon)
   (You took it off a kobold on level 1 of the Dungeon)
Missiles
 h - 46 stones
 n - 23 arrows
Armour
 a - a +0 robe (worn)
Jewellery
 d - an uncursed ring of wizardry {unknown}
   (You found it on level 1 of the Dungeon)
Scrolls
 b - a scroll of fear {unknown}
 c - 2 scrolls of remove curse {unknown}
 f - a scroll of enchant weapon {unknown}
 i - 3 scrolls of fog {unknown}
 j - a scroll of magic mapping {unknown}
 l - a scroll of teleportation {unknown}
 m - a scroll of identify {unknown}
Potions
 e - a potion of might {unknown}
 g - a potion of ambrosia {unknown}
 k - a potion of resistance {unknown}

Dungeon Overview and Level Annotations

Branches:
Dungeon (2/15)

Altars:

#......#.####.....#
#......#..........#
#......#..........#
#......#..........#
#......#.......####
###......#.......#
#........#ยง......#
#........#Y.......
#...##...@........
######......###...
#......โ€ ...# ...
#..........# ..
#.....))...#
#..............
#####..........
#..........
#..........


You could see a sky beast.


Message History

๐Ÿ˜ฎ MP[+1]
Aiming: Freeze (safe; 3% risk of failure)
Press: ? - help, Q - select action, (/) - cycle Shift-Dir - straight line, f - bat
Aim: a bat You freeze the bat.
The bat barely misses you. ๐Ÿ˜ฎ MP[-1]
You lost 1 mp, and now have 0/5 mp.
You hit the bat.
You kill the bat!
Things that are here:
a +0 club; a +0 leather armour; ๐Ÿ˜Ž HP[+6] MP[+5]
Your hp is fully restored (19).
Your mp is fully restored (5).
h - 44 stones (gained 3)
Things that are here:
a +0 club; a kobold corpse
h - 45 stones (gained 1)
h - 46 stones (gained 1)
There is an open door here.
A giant cockroach comes into view.
There is an open door here.
You can't see any susceptible monsters within range! (Use Z to cast anyway.)
A sky beast comes into view.
You freeze the giant cockroach.
You kill the giant cockroach!
The sky beast flickers out of sight!
Deactivating autopickup; reactivate with Ctrl-A. ๐Ÿ˜Ž MP[-1]
You lost 1 mp, and now have 4/5 mp.
A sky beast appears from thin air!
Reactivating autopickup.
There is an open door here.
You freeze the sky beast.
The sky beast closely misses you. ๐Ÿ˜Ž MP[-1]
You lost 1 mp, and now have 3/5 mp.
You freeze the sky beast.
The sky beast closely misses you. ๐Ÿ˜Ž MP[-1]
You lost 1 mp, and now have 2/5 mp.
You freeze the sky beast. The sky beast misses you. ๐Ÿ˜Ž MP[-1]
You lost 1 mp, and now have 1/5 mp.
You freeze the sky beast.
The sky beast closely misses you. ๐Ÿ˜Ž MP[-1]
You lost 1 mp, and now have 0/5 mp.
You hit the sky beast but do no damage. The sky beast closely misses you.
You closely miss the sky beast.
You kick the sky beast, but do no damage.
The sky beast hits you.
The sky beast shocks you. ๐Ÿ˜ฎ HP[-8] MP[+1]
You take 8 damage, and now have 11/19 hp.
MASSIVE DAMAGE!! (PAUSE)
Aiming: Freeze (safe; 3% risk of failure)
Press: ? - help, Q - select action, (/) - cycle Shift-Dir - straight line, f/p - sky beast
Aim: a sky beast (moderately wounded)
You freeze the sky beast. The sky beast misses you. ๐Ÿ˜ฎ MP[-1]
You lost 1 mp, and now have 0/5 mp.
You closely miss the sky beast.
You kick the sky beast, but do no damage.
The sky beast misses you. ๐Ÿ˜ฎ HP[+1]
You hit the sky beast. Your kick misses the sky beast.
The sky beast hits you but does no damage.
You hit the sky beast but do no damage. The sky beast barely misses you.
You hit the sky beast but do no damage. Your kick misses the sky beast.
The sky beast flickers out of sight!
Deactivating autopickup; reactivate with Ctrl-A.
Something hits you.
* * * LOW HITPOINT WARNING * * *
Something shocks you.
* * * LOW HITPOINT WARNING * * *
๐Ÿ˜ฑ HP[-9]
You take 9 damage, and now have 3/19 hp.
MASSIVE DAMAGE!! (PAUSE)
There is an open door here. ๐Ÿ˜ฑ MP[+1]
A sky beast appears from thin air!
Reactivating autopickup.
Aiming: Freeze (safe; 3% risk of failure)
Press: ? - help, Q - select action, (/) - cycle Shift-Dir - straight line, f/p - sky beast
Aim: a sky beast (heavily wounded)
You freeze the sky beast!
The sky beast flickers out of sight!
Deactivating autopickup; reactivate with Ctrl-A.
Something hits you but does no damage. ๐Ÿ˜ฑ MP[-1]
You lost 1 mp, and now have 0/5 mp. ๐Ÿ˜ฑ HP[+1]
A sky beast appears from thin air!
Reactivating autopickup. ๐Ÿ˜ฑ MP[+1]
Aiming: Freeze (safe; 3% risk of failure)
Press: ? - help, Q - select action, (/) - cycle Shift-Dir - straight line, f/p - sky beast
Aim: a sky beast (severely wounded)
You freeze the sky beast. The sky beast hits you.
* * * LOW HITPOINT WARNING * * *
The sky beast shocks you.
You die...

Action                   || total
-------------------------++-------
Melee: Unarmed           ||     6
       Club              ||     1
       Short sword       ||    15
       Kick              ||     5
 Cast: Freeze            ||    30
Armor: Robe              ||    10
Dodge: Dodged            ||    39

Levels and vault maps discovered:
D:1:      dpeg_arrival_simpleton_b, layout_basic
D:2:      layout_basic

Notes
Turn   | Place    | Note
-------+----------+-------------------------------------------
     0 | D:1      | phalm the Demonspawn Ice Elementalist began the quest for
                  | the Orb.
     0 | D:1      | Reached XP level 1. HP: 13/13 MP: 3/3
     0 | D:1      | magus.rc [v1.9.10]
   550 | D:1      | You feel monstrous as your demonic heritage exerts itself.
   550 | D:1      | Gained mutation: You have large cloven feet. [demonic
                  | ancestry]
   550 | D:1      | Reached XP level 2. HP: 19/19 MP: 1/5
   961 | D:2      | Noticed a sky beast
   978 | D:2      | HP: 3/19 [something (6)]
   996 | D:2      | HP: 2/19 [sky beast (2)]
   996 | D:2      | Slain by a sky beast

Vanquished Creatures
  An adder (D:2)
  An orc (D:2)
  5 bats
  A giant cockroach (D:2)
  2 goblins (D:1)
  A hobgoblin (D:1)
  A frilled lizard (D:2)
  2 kobolds
  2 rats (D:1)
16 creatures vanquished.

Table legend:
 A = Non-vault XP
 B = Vault XP
 C = Vault XP percentage of total XP
 D = Non-vault monster count
 E = Vault monster count
 F = Vault count percentage of total count
                 A         B        C        D         E       F
            +---------+---------+-------+---------+---------+-------
      Total |      38 |       0 |   0.0 |      16 |       0 |   0.0
            +---------+---------+-------+---------+---------+-------
        D:1 |      15 |       0 |   0.0 |       9 |       0 |   0.0
        D:2 |      23 |       0 |   0.0 |       7 |       0 |   0.0
            +---------+---------+-------+---------+---------+-------

Illustrated notes

Table legend:
 A = Kills in this place as a percentage of kills in entire the game.
 B = Kills by you in this place as a percentage of kills by you in the entire game.
 C = Kills by friends in this place as a percentage of kills by friends in the entire game.
 D = Other kills in this place as a percentage of other kills in the entire game.
 E = Experience gained in this place as a percentage of experience gained in the entire game.
 F = Experience gained in this place divided by the number of levels of this place that you have seen.
                   A       B       C       D       E      F
               +-------+-------+-------+-------+-------+----------------------
         Total | 100.0 | 100.0 |   N/A |   N/A | 100.0 |  19.0
       Dungeon | 100.0 | 100.0 |   N/A |   N/A | 100.0 |  19.0
               +-------+-------+-------+-------+-------+----------------------

Table legend: (Time is in decaauts)
 A = Elapsed time spent in this place.
 B = Non-inter-level travel time spent in this place.
 C = Inter-level travel time spent in this place.
 D = Time resting spent in this place.
 E = Time spent auto-exploring this place.
 F = Levels seen in this place.
 G = Mean time per level.
                   A        B        C        D        E       F      G
               +--------+--------+--------+--------+--------+-----+--------+
         Total |    996 |    939 |     57 |      0 |    791 |   2 |  498.0 |
       Dungeon |    996 |    939 |     57 |      0 |    791 |   2 |  498.0 |
               +--------+--------+--------+--------+--------+-----+--------+

Top non-repeatable levels by time:
     D:1: 732 daAuts
     D:2: 264 daAuts
